 Dungeon Crawl Stone Soup version 0.26-a0-682-g294304f6e8 (webtiles) character file.

Game seed: 3469754868151922618

168 PentaManta the Chopper (level 5, -1/67 HPs)
             Began as a Minotaur Berserker on Oct 20, 2020.
             Was a Priest of Trog.
             Succumbed to an orc wizard's poison
             ... on level 4 of the Dungeon.
             The game lasted 00:03:21 (2388 turns).

PentaManta the Chopper (Minotaur Berserker)         Turns: 2388, Time: 00:03:22

Health: -1/67      AC:  7    Str: 23    XL:     5   Next: 23%
Magic:  4/4        EV: 11    Int:  4    God:    Trog [***...]
Gold:   187        SH:  0    Dex:  9    Spells: 4/4 levels left

rFire    . . .     SeeInvis .   a - +0 hand axe
rCold    . . .     Faith    .   (no shield)
rNeg     . . .     Spirit   .   k - +2 ring mail {MR+}
rPois    .         Reflect  .   (helmet restricted)
rElec    .         Harm     .   (no cloak)
rCorr    .         Rampage  .   (no gloves)
MR       +....                  (no boots)
Stlth    ..........             (no amulet)
HPRegen  0.21/turn              j - ring of stealth
MPRegen  0.09/turn              (no ring)

@: berserking (expiring), lethally poisoned (-1 -> -41), very quick
A: retaliatory headbutt, horns 2
a: Berserk, Trog's Hand, Renounce Religion


You were on level 4 of the Dungeon.
You worshipped Trog.
Trog was most pleased with you.
You visited 1 branch of the dungeon, and saw 4 of its levels.

You collected 187 gold pieces.

Inventory:

Hand Weapons
 a - a +0 hand axe (weapon)
 g - a +1 dagger of flaming
Missiles
 i - 6 javelins (quivered)
Armour
 k - a +2 ring mail of magic resistance (worn)
 l - a +0 plate armour
 n - a +0 scale mail
Jewellery
 j - a ring of stealth (left hand)
 m - a +6 ring of dexterity {unknown}
Scrolls
 b - a scroll of blinking {unknown}
 c - 3 scrolls of teleportation {unknown}
 d - 5 scrolls of identify {unknown}
 e - 4 scrolls of enchant weapon {unknown}
 f - 2 scrolls of remove curse {unknown}
Potions
 h - a potion of curing {unknown}
 o - a potion of berserk rage {unknown}
 p - a potion of ambrosia {unknown}


   Skills:
 - Level 3.6 Fighting
 + Level 7.2 Axes
 - Level 2.4 Armour
 - Level 2.1 Dodging


You had 4 spell levels left.
You didn't know any spells.
Your spell library was empty.

Dungeon Overview and Level Annotations

Branches:
Dungeon (4/15)
 Temple: D:4-7

Altars:
Gozag

Shops:
D:4 (


Innate Abilities, Weirdness & Mutations

You reflexively headbutt those who attack you in melee.
You have a pair of horns on your head.


Message History

* * * LOW HITPOINT WARNING * * *
You feel very sick.
An adder skeleton comes into view.
The orc wizard hits you but does no damage.
Something hits you.
* * * LOW HITPOINT WARNING * * *
You slash the orc wizard!
You kill the orc wizard!
Trog accepts your kill.
Trog appreciates your killing of a magic user.
Your Axes skill increases to level 7!
You hit something but do no damage.
* * * LOW HITPOINT WARNING * * *
You feel very sick.
A quokka comes into view.
You are too berserk!
* * * LOW HITPOINT WARNING * * *
You feel sick. Something hits you but does no damage.
You feel a strong urge to attack something.
You die...

.... #.#...(...#
#....# ...
#.........#####.#.#
#..
##.#..........._..#
#.
...#..........#.###
#.
...#......#........#
....#......#........#
###.....Z..#..^.....#
##....(..#...#######
...####)#@........#
#..)...........#
#.##..#........#
#..#........#
....#..(.....#
.##.########### #.
#.# # #r# #.#


You could see a quokka.

Vanquished Creatures
  An orc wizard (D:4)
  5 adders
  An adder skeleton (D:2)
  A worm (D:2)
  4 dart slugs
  4 leopard geckos
  2 orcs (D:4)
  6 giant cockroaches
  9 goblins
  5 hobgoblins
  6 jackals
  3 quokkas
  5 bats
  8 frilled lizards
  9 kobolds
  5 rats
74 creatures vanquished.

Vanquished Creatures (others)
  A fungus (D:4)
1 creature vanquished.

Grand Total: 75 creatures vanquished

Notes
Turn   | Place    | Note
-------+----------+-------------------------------------------
     0 | D:1      | PentaManta the Minotaur Berserker began the quest for the
                  | Orb.
     0 | D:1      | Reached XP level 1. HP: 19/19 MP: 0/0
    38 | D:1      | Reached skill level 4 in Axes
   190 | D:1      | Reached XP level 2. HP: 21/26 MP: 1/1
   583 | D:1      | Reached skill level 5 in Axes
   805 | D:1      | Reached ** piety under Trog
   951 | D:1      | Reached XP level 3. HP: 31/31 MP: 2/2
  1399 | D:2      | Found a faded altar of an unknown god.
  1459 | D:2      | Reached skill level 6 in Axes
  1459 | D:2      | Reached XP level 4. HP: 29/39 MP: 3/3
  2019 | D:3      | Reached *** piety under Trog
  2291 | D:4      | Found Hiyn's Weapon Boutique.
  2346 | D:4      | Found an opulent altar of Gozag.
  2377 | D:4      | Reached XP level 5. HP: 42/45 MP: 4/4
  2386 | D:4      | Reached skill level 7 in Axes
  2387 | D:4      | HP: 2/67 [poisoned by an orc wizard]
  2388 | D:4      | Succumbed to an orc wizard's poison

Illustrated notes

Levels and vault maps discovered:
D:1:      lemuel_arrival_funnel, layout_loops_ring
D:2:      layout_rooms, chequers_ecumenical_altar_simple,
          minmay_misc_feat_secret_circle, chequers_arboretum
D:3:      layout_basic
D:4:      layout_basic, lemuel_crystal_altar, minmay_temple_entry_mist,
          serial_shops, shop, fedhas_altar_3

Skill      XL: |  1  2  3  4  5 |
---------------+----------------+-----
Axes           | 4 5 6 7 |  7.2
Fighting       | |  3.6
Armour         | |  2.4
Dodging        | |  2.1

Action                   |  1- 3 |  4- 6 || total
-------------------------+-------+-------++-------
Melee: Hand axe          |    95 |    65 ||   160
       Headbutt          |    13 |    11 ||    24
Invok: Berserk           |       |     1 ||     1
Armor: Animal skin       |     6 |       ||     6
       Ring mail         |    11 |    40 ||    51
Dodge: Dodged            |    55 |    20 ||    75

Table legend: (Time is in decaauts)
 A = Elapsed time spent in this place.
 B = Non-inter-level travel time spent in this place.
 C = Inter-level travel time spent in this place.
 D = Time resting spent in this place.
 E = Time spent auto-exploring this place.
 F = Levels seen in this place.
 G = Mean time per level.
                   A        B        C        D        E       F      G
               +--------+--------+--------+--------+--------+-----+--------+
         Total |   2388 |   2314 |     74 |      0 |   1893 |   4 |  597.0 |
       Dungeon |   2388 |   2314 |     74 |      0 |   1893 |   4 |  597.0 |
               +--------+--------+--------+--------+--------+-----+--------+

Top non-repeatable levels by time:
     D:1: 1073 daAuts
     D:2: 668 daAuts
     D:3: 543 daAuts
     D:4: 103 daAuts
